 Dungeon Crawl Stone Soup version 0.23-a0-171-g5ae17c6 (webtiles) character file.

161 Ijustatesigmund the Sneak (level 5, -3/35 HPs)
             Began as an Octopode Assassin on Sept 13, 2018.
             Slain by an orc
             ... wielding a +1 mace of protection
              (4 damage)
             ... on level 3 of the Dungeon.
             The game lasted 00:04:46 (2966 turns).

Ijustatesigmund the Sneak (Octopode Assassin)       Turns: 2966, Time: 00:04:47

Health: -3/35      AC:  1    Str: 11    XL:     5   Next: 42%
Magic:  5/5        EV: 13    Int: 13    God:
Gold:   105        SH:  0    Dex: 14    Spells: 4/4 levels left

rFire    . . .     SeeInvis .   l - +0 hand axe
rCold    . . .     Gourm    .   (no shield)
rNeg     . . .     Faith    .   (helmet restricted)
rPois    .         Spirit   .   (no amulet)
rElec    .         Reflect  .   (no ring)
rCorr    .         Harm     .   (no ring)
MR       .....                  (no ring)
Stlth    ++++......             (no ring)
HPRegen  0.11/turn              (no ring)
MPRegen  0.09/turn              (no ring)
                                (no ring)
                                (no ring)

@: no status effects
A: almost no armour, stealthy swim, amphibious, 8 rings, constrict 8, camouflage
1, gelatinous body 1
a: no special abilities


You were on level 3 of the Dungeon.
You were not hungry.

You visited 1 branch of the dungeon, and saw 3 of its levels.

You collected 105 gold pieces.

Inventory:

Hand Weapons
 a - a +2 dagger
 b - a +0 blowgun
 l - a +0 hand axe (weapon)
Missiles
 c - 23 poisoned needles
 k - a curare-tipped needle
Wands
 j - a wand of scattershot (5)
Scrolls
 d - a scroll of identify
 e - a scroll of teleportation
 g - 4 scrolls of remove curse
Potions
 h - a potion of curing
 i - 2 potions of magic
Comestibles
 f - 3 rations
 m - a chunk of flesh


   Skills:
 - Level 2.7 Fighting
 - Level 2.7 Short Blades
 + Level 2.0 Axes
 - Level 2.8 Throwing
 - Level 2.0 Dodging
 - Level 6.2 Stealth


You had 4 spell levels left.
You didn't know any spells.
Your spell library was empty.

Dungeon Overview and Level Annotations

Branches:
Dungeon (3/15)

Altars:
Kikubaaqudgha


Innate Abilities, Weirdness & Mutations

You cannot wear most types of armour.
You are very stealthy in the water. (Stealth+)
You are amphibious.
You can wear up to eight rings at the same time.
You can use your tentacles to constrict eight enemies at once.
Your skin changes colour to match your surroundings (Stealth+).
Your rubbery body absorbs attacks. (AC +1, EV +1)


Message History

You hit the orc but do no damage. You grab the orc.
You constrict the orc, but do no damage.
The orc priest begins to cast a cantrip, but forgets the words!
The orc completely misses you.
You hit the orc but do no damage.
You constrict the orc, but do no damage.
The orc priest invokes the aid of Beogh against you.
Beogh smites you! The orc misses you.
The orc priest invokes the aid of Beogh against you.
Pain shoots through your body!
* * * LOW HITPOINT WARNING * * *
Your magic is already full.
Evoke which item? (* to show all) (? for menu, Esc to quit)
Aiming: Scattershot
Press: ? - help, Shift-Dir - straight line, f - orc priest
Aim: an orc priest, wielding a trident and wearing a scale mail The burst of metal fragments hits the orc. x4
You constrict the orc, but do no damage.
The orc hits you with a mace of protection.
You die...

#.# #..........###.###.# #....
#.####.###.##...........# #)).)
##..........##.#.###.###.####....
#######.##..##.#.# #.# #.........
# #.##..##.#.# #.# #......... #
#.....##.#.###.###..#####..
#######..#.###.#.##...........#..
......#...#...oo!#........###.###
#####.##.#.#.#..@)...#.##.# #
#>##.#.#.#####...#.##.#
#####.##.#.#.# ####...###.#
.........#.#.###..........#
.)..............)....######
).....####.#.##♣♣♣##.#
).......##.#.# ♣≈≈♣#.#
#.#####.##.#.♣♣≈≈≈♣≈.# #.#
#.##.#♣♣≈PP≈P≈.#


You could see an orc priest and an orc.

Vanquished Creatures
  Jessica (D:2)
  5 adders
  An ooze (D:2)
  2 worms (D:2)
  2 dart slugs
  A leopard gecko (D:3)
  6 orcs (D:3)
  5 giant cockroaches
  8 goblins
  8 hobgoblins
  A quokka (D:3)
  12 bats
  3 frilled lizards
  3 kobolds
  12 rats
70 creatures vanquished.

Vanquished Creatures (others)
  5 toadstools (D:1)
5 creatures vanquished.

Grand Total: 75 creatures vanquished

Notes
Turn   | Place    | Note
-------+----------+-------------------------------------------
     0 | D:1      | Ijustatesigmund the Octopode Assassin began the quest for
                  | the Orb.
     0 | D:1      | Reached XP level 1. HP: 14/14 MP: 1/1
   123 | D:1      | Reached XP level 2. HP: 19/19 MP: 2/2
   920 | D:2      | Noticed Jessica
   926 | D:2      | Killed Jessica
   926 | D:2      | Reached XP level 3. HP: 6/25 MP: 3/3
  1190 | D:2      | Reached XP level 4. HP: 27/30 MP: 4/4
  1298 | D:2      | Found an ancient bone altar of Kikubaaqudgha.
  1579 | D:2      | Reached skill level 6 in Stealth
  2162 | D:3      | Reached XP level 5. HP: 31/35 MP: 5/5
  2191 | D:3      | Reached skill level 1 in Axes
  2965 | D:3      | HP: 1/35 [orc priest/nerve-wracking pain (14)]
  2966 | D:3      | Slain by an orc

Vault maps used:
D:1:      ldierk_walled_garden, minmay_misc_feat_pillars
D:2:      lemuel_doored_altar, first_ration, uniq_jessica
D:3:      serial_bayou_lake_a

Skill      XL: |  1  2  3  4  5 |
---------------+----------------+-----
Dodging        | 2 |  2.0
Stealth        | 6 |  6.2
Axes           | 2 |  2.0
Fighting       | |  2.7
Short Blades   | |  2.7
Throwing       | |  2.8

Action                   |  1- 3 |  4- 6 || total
-------------------------+-------+-------++-------
Melee: Dagger            |    33 |    51 ||    84
       Constrict         |     7 |    28 ||    35
       Tentacles         |     5 |    16 ||    21
       Hand axe          |       |    47 ||    47
 Fire: Blowgun           |     6 |     1 ||     7
Evoke: Wand              |       |     1 ||     1
  Use: Scroll            |       |     8 ||     8
 Stab: Sleeping          |     8 |    11 ||    19
  Eat: Chunk             |       |     6 ||     6
Armor: Skin              |     2 |     3 ||     5
Dodge: Dodged            |    22 |    52 ||    74

Table legend:
 A = Non-vault XP
 B = Vault XP
 C = Vault XP percentage of total XP
 D = Non-vault monster count
 E = Vault monster count
 F = Vault count percentage of total count
                 A         B        C        D         E       F
            +---------+---------+-------+---------+---------+-------
      Total |     194 |      37 |  16.0 |      69 |       1 |   1.4
            +---------+---------+-------+---------+---------+-------
        D:1 |      30 |       0 |   0.0 |      18 |       0 |   0.0
        D:2 |      89 |      37 |  29.4 |      25 |       1 |   3.8
        D:3 |      75 |       0 |   0.0 |      26 |       0 |   0.0
            +---------+---------+-------+---------+---------+-------
